[Event "fics rated crazyhouse match"]
[Site "fics, Oklahoma City, OK USA"]
[Date "2001.02.24"]
[White "pminear"]
[WhiteElo "2582"]
[Black "Blackcomb"]
[BlackElo "2187"]
[TimeControl "180+0"]
[Result "1-0"]

1. e4 e5 2. Nf3 Nc6 3. Bc4 d6 4. d3 Be7 5. Nc3 Nf6 6. Nd5 
Nxd5 7. exd5 Nd4 8. Nxd4 exd4 9. N@e6 fxe6 10. dxe6 O-O 11. N@f7 Qe8 
12. P@h6 Bxe6 13. Bxe6 Rxf7 14. B@d5 N@e5 15. hxg7 Kxg7 16. P@h6+ Kh8 17. Bxf7 
Nxf7 18. Qe2 N@f5 19. c3 P@e3 20. fxe3 N5xh6 21. O-O B@g7 22. exd4 c6 
23. Bxf7 Nxf7 24. P@e6 B@g6 25. exf7 Bxf7 26. P@h6 Bef8 27. Qxe8 Rxe8 28. hxg7+ 
Bxg7 29. B@g4 P@e2 30. Bxe2 Rxe2 31. R@g3 P@f2+ 32. Rxf2 Rxf2 33. Be3 N@e2+ 
34. Kxf2 Nxg3 35. Q@f3 N@h1+ 36. Rxh1 Nxh1+ 37. Ke2 Q@c2+ 38. R@d2 B@d1+ 39. Ke1 
Bxf3 40. gxf3 R@g1+ 41. B@f1 Qxd2+ 42. Kxd2 Rxf1 43. Q@d8# 
{Blackcomb forfeits on time} 1-0

[Event "fics rated crazyhouse match"]
[Site "fics, Oklahoma City, OK USA"]
[Date "2001.02.24"]
[White "Blackcomb"]
[WhiteElo "2185"]
[Black "pminear"]
[BlackElo "2584"]
[TimeControl "180+0"]
[Result "0-1"]

1. e4 e5 2. Nf3 Nc6 3. Bc4 d6 4. Nc3 Be7 5. d3 Nf6 6. Nd5 
Nxd5 7. exd5 Na5 8. N@e6 fxe6 9. dxe6 Nxc4 10. P@d7+ Bxd7 11. exd7+ Qxd7 
12. dxc4 P@f7 13. N@c5 B@b4+ 14. c3 Bxc5 15. O-O N@h4 16. Nxe5 dxe5 17. Qxd7+ 
Kxd7 18. B@h3+ Ke8 19. Be3 Bxe3 20. fxe3 N@e2+ 21. Kf2 N@e4+ 22. Kxe2 Q@d2# 
{Blackcomb checkmated} 0-1

[Event "fics rated crazyhouse match"]
[Site "fics, Oklahoma City, OK USA"]
[Date "2000.02.25"]
[White "Ebenfelt"]
[WhiteElo "2295"]
[Black "Firefly"]
[BlackElo "2509"]
[TimeControl "180+0"]
[Result "0-1"]

1. e4 e6 2. d4 Nc6 3. Nc3 d5 4. Nf3 dxe4 5. Nxe4 Nf6 6. Nxf6+ 
gxf6 7. Bd3 N@f5 8. Bxf5 exf5 9. d5 Nb4 10. N@c3 B@e4 11. O-O Rg8 
12. P@g3 Bxc2 13. Qd4 P@e4 14. Ne1 P@e5 15. Qd2 Bd3 16. Nxd3 exd3 17. B@b5+ 
c6 18. dxc6 bxc6 19. Bxd3 Nxd3 20. N@c7+ Qxc7 21. Qxd3 B@e4 22. Qc4 N@d6 
23. Qa4 P@h3 24. f3 hxg2 25. Kxg2 N@h4+ 26. Kf2 Nxf3 27. Nxe4 fxe4 28. P@g2 
N@g4+ 29. Ke2 P@d3+ 30. Kd1 P@e2# 
{Ebenfelt checkmated} 0-1

[Event "fics rated crazyhouse match"]
[Site "fics, Oklahoma City, OK USA"]
[Date "2000.02.25"]
[White "Firefly"]
[WhiteElo "2513"]
[Black "Ebenfelt"]
[BlackElo "2291"]
[TimeControl "180+0"]
[Result "1-0"]

1. e4 e5 2. Nf3 Bc5 3. Bc4 Nf6 4. Nxe5 O-O 5. d4 d5 6. exd5 
Bb4+ 7. c3 Nxd5 8. cxb4 Nxb4 9. B@b3 P@d5 10. Be2 N8c6 11. Nxc6 bxc6 
12. a3 Na6 13. P@e5 N@h4 14. Rg1 c5 15. P@f6 gxf6 16. exf6 Qxf6 17. Bxd5 
c6 18. P@e5 Qg6 19. N@e7+ Kg7 20. P@h6+ Kh8 21. Nxg6# 
{Ebenfelt resigns} 1-0

[Event "fics rated crazyhouse match"]
[Site "fics, Oklahoma City, OK USA"]
[Date "2000.02.25"]
[White "Ebenfelt"]
[WhiteElo "2287"]
[Black "Firefly"]
[BlackElo "2517"]
[TimeControl "180+0"]
[Result "0-1"]

1. e4 e6 2. Nc3 Nc6 3. d4 Bb4 4. Nf3 Nf6 5. Bd3 d5 6. exd5 
exd5 7. Qe2+ P@e4 8. P@g5 Qe7 9. gxf6 gxf6 10. Bd2 Bxc3 11. bxc3 exd3 
12. Qxe7+ Nxe7 13. N@g7+ Kd8 14. cxd3 N@c2+ 15. Ke2 P@e4 16. B@g3 exd3+ 17. Kf1 
P@e2+ 18. Kg1 Q@f1+ 19. Rxf1 exf1=Q+ 20. Kxf1 B@e2+ 21. Kg1 R@f1# 
{Ebenfelt checkmated} 0-1

[Event "fics rated crazyhouse match"]
[Site "fics, Oklahoma City, OK USA"]
[Date "2000.02.25"]
[White "Firefly"]
[WhiteElo "2520"]
[Black "Ebenfelt"]
[BlackElo "2284"]
[TimeControl "180+0"]
[Result "1-0"]

1. e4 e5 2. Nf3 Bc5 3. Bc4 Nf6 4. Nxe5 O-O 5. d4 Bb4+ 6. c3 
Be7 7. Bd3 d6 8. Nf3 d5 9. exd5 Nxd5 10. P@h6 gxh6 11. Bxh6 Bf6 
12. P@e5 Re8 13. O-O P@g7 14. exf6 Qxf6 15. B@g5 Qc6 16. Bxg7 P@e4 17. Bxe4 
Rxe4 18. Re1 P@e3 19. Bxe3 Kxg7 20. P@h6+ Kg8 21. Ne5 Rxe5 22. dxe5 B@g4 
23. P@g7 N@g6 24. R@d8+ B@e8 25. Qxd5 
{Ebenfelt resigns} 1-0

[Event "fics rated crazyhouse match"]
[Site "fics, Oklahoma City, OK USA"]
[Date "2000.02.25"]
[White "Ebenfelt"]
[WhiteElo "2281"]
[Black "Firefly"]
[BlackElo "2523"]
[TimeControl "180+0"]
[Result "0-1"]

1. e4 e6 2. Nc3 Nc6 3. d4 Bb4 4. Nf3 Nf6 5. e5 Ne4 6. Bd2 
Nxf2 7. Kxf2 Nxd4 8. Nxd4 Qh4+ 9. g3 Qxd4+ 10. Be3 N@g4+ 11. Qxg4 Qxg4 
12. Be2 Qf5+ 13. N@f3 Bxc3 14. bxc3 N@g4+ 15. Kg1 Nxe3 16. B@f2 Q@g2# 
{Ebenfelt checkmated} 0-1

[Event "fics rated crazyhouse match"]
[Site "fics, Oklahoma City, OK USA"]
[Date "2000.02.25"]
[White "XXNoWay"]
[WhiteElo "2331"]
[Black "DKiller"]
[BlackElo "2286"]
[TimeControl "180+0"]
[Result "1-0"]

1. e4 e6 2. Nc3 Nc6 3. Nf3 Nf6 4. Bb5 Bb4 5. d3 d5 6. e5 
Ng4 7. O-O Bd7 8. Bf4 Bxc3 9. Bxc6 bxc6 10. bxc3 N@g6 11. B@g5 Qb8 
12. h3 Nxf2 13. Rxf2 Nxf4 14. Bxf4 B@b6 15. d4 P@e4 16. Ng5 B@h4 17. N@h5 
Bxf2+ 18. Kxf2 g6 19. Ng7+ Kd8 20. B@f6+ Kc8 21. N@e7+ Kb7 22. Rb1 a6 
23. N@c5+ Ka7 24. Nxd7 h6 25. Nxc6+ Kb7 26. Ndxb8 hxg5 27. Na5+ Kc8 28. Q@b7# 
{DKiller checkmated} 1-0

[Event "fics rated crazyhouse match"]
[Site "fics, Oklahoma City, OK USA"]
[Date "2000.02.25"]
[White "DKiller"]
[WhiteElo "2279"]
[Black "XXNoWay"]
[BlackElo "2338"]
[TimeControl "180+0"]
[Result "0-1"]

1. e4 e5 2. Nc3 Nf6 3. Nf3 d6 4. Bc4 Be7 5. O-O O-O 6. d3 
Bg4 7. Bg5 Nc6 8. Bxf6 Bxf6 9. h3 Bxf3 10. Qxf3 Nd4 11. Qg4 N@h6 
12. Qd1 Bh4 13. B@e3 B@f4 14. Bxf4 exf4 15. N@e2 Bxf2+ 16. Rxf2 B@e3 17. Nxd4 
P@g3 18. Nf3 gxf2+ 19. Kh1 R@g1+ 20. Nxg1 fxg1=Q+ 21. Qxg1 Bxg1 22. N@f3 Be3 
23. Ne2 N@g3+ 24. Nxg3 fxg3 25. R@e2 N@f2+ 26. Rxf2 gxf2 27. B@h2 R@e1+ 28. Nxe1 
fxe1=Q+ 29. Rxe1 N@f2+ 30. Kg1 Nxh3+ 31. Kh1 P@f2 32. Rf1 Q@g1+ 33. Rxg1 fxg1=Q+ 
34. Bxg1 R@f1 35. gxh3 Rxg1+ 36. Kh2 B@g3# 
{DKiller checkmated} 0-1

[Event "fics rated crazyhouse match"]
[Site "fics, Oklahoma City, OK USA"]
[Date "2000.02.25"]
[White "XXNoWay"]
[WhiteElo "2345"]
[Black "DKiller"]
[BlackElo "2272"]
[TimeControl "180+0"]
[Result "1-0"]

1. e4 e6 2. Nc3 Nc6 3. Nf3 d5 4. e5 Nge7 5. Bb5 Bd7 6. d3 
d4 7. Ne4 Nd5 8. Bg5 Be7 9. Bxe7 Ndxe7 10. B@h4 Qb8 11. Bxc6 Nxc6 
12. N@h5 g6 13. Nhf6+ Kd8 14. Nxd7+ Kxd7 15. Nc5+ Ke8 16. B@d7+ Kf8 17. Bxc6 
bxc6 18. Nd7+ Kg8 19. Bf6 Qb4+ 20. Kf1 N@f5 21. Bxh8 Kxh8 22. Ng5 B@e8 
23. Nf6 B@g8 24. Nxg8 Kxg8 25. N@f6+ Kf8 26. R@g8+ Ke7 27. B@f8+ Kd8 28. Bxb4 
N@e3+ 29. fxe3 Nxe3+ 30. Kg1 P@f2+ 31. Kxf2 Nxd1+ 32. Ke1 Q@e3+ 33. P@e2 B@h4+ 
34. Kxd1 B@d7 35. Rxe8+ Bxe8 36. B@e7+ Kc8 37. Q@d8+ Kb7 38. N@c5+ Kb6 39. N@c4+ 
Kb5 40. a4+ Kxb4 41. Na6# 
{DKiller checkmated} 1-0

[Event "fics rated crazyhouse match"]
[Site "fics, Oklahoma City, OK USA"]
[Date "2000.02.25"]
[White "DKiller"]
[WhiteElo "2266"]
[Black "XXNoWay"]
[BlackElo "2351"]
[TimeControl "180+0"]
[Result "0-1"]

1. e4 e5 2. Nf3 Nc6 3. Bc4 Be7 4. O-O Nf6 5. Nc3 O-O 6. d3 
d6 7. Bg5 Bg4 8. Bxf6 Bxf6 9. Nd5 B@h5 10. Nxf6+ Qxf6 11. B@e2 Bxf3 
12. N@d5 Qg6 13. Bxf3 Bxf3 14. Qxf3 N@h4 15. Qh3 B@f3 16. B@g3 Nxg2 17. B@f5 
N@e2+ 18. Kh1 Ngf4+ 19. Qg2 Bxg2# 
{DKiller checkmated} 0-1

[Event "fics rated crazyhouse match"]
[Site "fics, Oklahoma City, OK USA"]
[Date "2000.02.25"]
[White "XXNoWay"]
[WhiteElo "2357"]
[Black "DKiller"]
[BlackElo "2260"]
[TimeControl "180+0"]
[Result "1-0"]

1. e4 e6 2. Nc3 Nc6 3. Nf3 Nf6 4. Bb5 Bb4 5. d3 d5 6. e5 
Ng4 7. O-O Bxc3 8. bxc3 N@f5 9. B@h5 Ngh6 10. Bxh6 Nxh6 11. N@f6+ gxf6 
12. exf6 Rg8 13. Bxc6+ bxc6 14. N@g7+ Kd7 15. P@e7 Rxg7 16. exd8=Q+ Kxd8 17. Q@e7# 
{DKiller checkmated} 1-0

[Event "fics rated crazyhouse match"]
[Site "fics, Oklahoma City, OK USA"]
[Date "2000.02.25"]
[White "DKiller"]
[WhiteElo "2254"]
[Black "XXNoWay"]
[BlackElo "2363"]
[TimeControl "180+0"]
[Result "0-1"]

1. e4 e5 2. Nf3 Nc6 3. Bc4 Be7 4. Bxf7+ Kxf7 5. d4 exd4 6. Nxd4 
Nxd4 7. Qxd4 N@c6 8. Qc4+ P@e6 9. P@f5 Ne5 10. Qc3 B@b4 11. N@f4 Bxc3+ 
12. Nxc3 Kf8 13. B@d4 Nf7 14. P@g6 Bf6 15. Bxf6 Qxf6 16. gxf7 Ne7 17. fxe6 
dxe6 18. B@a3 P@d6 19. N@h5 Qxf7 20. e5 B@g5 21. exd6 Q@e5+ 22. P@e3 cxd6 
23. P@d4 Qef5 24. Bxd6 Bxf4 25. Nxf4 Qxc2 26. Bxe7+ Qxe7 27. N@g6+ hxg6 28. B@d3 
Qxd3 29. Nxd3 N@c2+ 30. Kd2 Nxa1 31. P@c2 N@c4+ 32. Ke2 B@h5+ 33. f3 Nxc2 
34. Ne5 P@e4 35. Nxg6+ Bxg6 36. fxe4 B@d3# 
{DKiller forfeits on time} 0-1

[Event "fics rated crazyhouse match"]
[Site "fics, Oklahoma City, OK USA"]
[Date "2000.02.25"]
[White "XXNoWay"]
[WhiteElo "2369"]
[Black "DKiller"]
[BlackElo "2248"]
[TimeControl "180+0"]
[Result "1-0"]

1. e4 e6 2. Nc3 Nc6 3. Nf3 Bb4 4. Bb5 Nf6 5. d3 d5 6. e5 
Nd7 7. Bg5 Ne7 8. O-O c6 9. Ba4 h6 10. Bxe7 Bxe7 11. N@d6+ Bxd6 
12. exd6 O-O 13. B@e7 Qb6 14. Bxf8 Nxf8 15. Bxc6 bxc6 16. P@e7 Kh7 17. exf8=Q 
Bd7 18. Qxa8 N@c8 19. N@g5+ Kg6 20. Nh4+ Kxg5 21. R@g3+ Kf6 22. Qf3+ B@f5 
23. Qxc8 Bxc8 24. N@h5+ Ke5 25. Qf4# 
{DKiller checkmated} 1-0

[Event "fics rated crazyhouse match"]
[Site "fics, Oklahoma City, OK USA"]
[Date "2000.02.25"]
[White "DKiller"]
[WhiteElo "2243"]
[Black "XXNoWay"]
[BlackElo "2374"]
[TimeControl "180+0"]
[Result "0-1"]

1. e4 e5 2. Nf3 d6 3. Nc3 Be7 4. d4 exd4 5. Nxd4 P@e5 6. Nf5 
Bxf5 7. exf5 N@d4 8. Bd3 Nf6 9. Be3 Nbc6 10. P@d5 Nb4 11. Bxd4 exd4 
12. B@a4+ c6 13. dxc6 bxc6 14. Ne4 P@b5 15. Bb3 d5 16. Nxf6+ Bxf6 17. Qe2+ 
B@e7 18. P@g6 Nxd3+ 19. cxd3 B@a5+ 20. Kf1 hxg6 21. fxg6 N@f4 22. gxf7+ Kxf7 
23. P@e6+ Kg8 24. P@f7+ Kh7 25. Qg4 P@e2+ 26. Kg1 P@d2 27. Qxf4 e1=Q+ 28. N@f1 
Qxa1 29. Qf5+ g6 30. Qh3+ Bh4 31. N@d1 R@e1 32. N@g3 Rxf1+ 33. Kxf1 N@f4 
34. R@f3 Nxh3 35. gxh3 Qxd1+ 36. Bxd1 Q@c1 37. Kg2 Beg5 38. P@h5 N@e1+ 39. Kg1 
Nxf3+ 40. Kg2 Ne1+ 41. Rxe1 dxe1=N+ 42. Kf1 R@h1+ 43. Nxh1 Nf3 44. hxg6+ Kxg6 
45. P@f5+ Kf6 
{DKiller forfeits on time} 0-1

[Event "fics rated crazyhouse match"]
[Site "fics, Oklahoma City, OK USA"]
[Date "2000.02.25"]
[White "XXNoWay"]
[WhiteElo "2379"]
[Black "DKiller"]
[BlackElo "2238"]
[TimeControl "180+0"]
[Result "1-0"]

1. e4 e6 2. d4 Nc6 3. Nf3 Nf6 4. Bd3 d5 5. e5 Ne4 6. O-O 
Be7 7. Nc3 Nxc3 8. bxc3 N@e4 9. Qe1 Nxc3 10. Qxc3 P@e4 11. N@h5 Rg8 
12. Bb5 exf3 13. Qxf3 Bd7 14. Qg4 Nxd4 15. N@f6+ Bxf6 16. Nxf6+ Qxf6 17. exf6 
N@e2+ 18. Kh1 O-O-O 19. Bxd7+ Rxd7 20. B@c5 N@e5 21. Q@a8+ B@b8 22. Bxa7 N@c6 
23. Qxd4 Nexd4 24. Bxb8 P@f3 25. Bxc7+ Kxc7 26. P@b6+ Kxb6 27. B@a7+ Nxa7 28. B@a5+ 
Ka6 29. N@b4+ Kb5 30. a4+ Kxa5 31. Qxa7+ Kxb4 32. N@a2+ Kc4 33. Qxd4+ Kxd4 
34. Be3+ Kc4 35. P@b3# 
{DKiller checkmated} 1-0

[Event "fics rated crazyhouse match"]
[Site "fics, Oklahoma City, OK USA"]
[Date "2000.02.25"]
[White "jtp"]
[WhiteElo "2266"]
[Black "pminear"]
[BlackElo "2357"]
[TimeControl "180+0"]
[Result "0-1"]

1. e4 e5 2. Nf3 Nc6 3. Bc4 Bc5 4. c3 Nf6 5. d4 exd4 6. cxd4 
Bxd4 7. O-O P@e5 8. P@d5 Na5 9. Nxd4 exd4 10. Qxd4 Nxc4 11. Qxc4 N@e5 
12. Qd4 d6 13. B@a4+ c6 14. Bf4 P@f3 15. Bxe5 fxg2 16. Re1 B@b6 17. Qc3 
dxe5 18. Qxe5+ P@e6 19. N@d6+ Kf8 20. Kxg2 B@c7 21. N@c4 cxd5 22. exd5 P@e7 
23. Nxc8 Bxe5 24. Nxe5 Qxd5+ 25. B@f3 P@h3+ 26. Kxh3 Qxf3+ 27. B@g3 B@g2+ 28. Kh4 
Qh5# 
{jtp checkmated} 0-1

[Event "fics rated crazyhouse match"]
[Site "fics, Oklahoma City, OK USA"]
[Date "2000.02.25"]
[White "pminear"]
[WhiteElo "2363"]
[Black "jtp"]
[BlackElo "2260"]
[TimeControl "180+0"]
[Result "0-1"]

1. e4 Nf6 2. Nc3 d5 3. exd5 Nxd5 4. d4 e6 5. Nxd5 exd5 6. Nf3 
Nc6 7. Bb5 Bb4+ 8. Bd2 Qe7+ 9. Ne5 N@e4 10. Bxc6+ bxc6 11. c3 Nxd2 
12. Qxd2 B@h6 13. P@e3 Bd6 14. Nxc6 Qg5 15. N@g3 B@b5 16. N@e5 P@h4 17. f4 
hxg3 18. fxg5 Bxg5 19. P@d7+ Bxd7 20. Nxd7 P@f2+ 21. Kd1 P@e2+ 22. Kc2 N@e4 
23. Nde5 Bxe5 24. Qxe2 Bxe2 25. P@d7+ Kf8 26. Q@e8+ Rxe8 27. dxe8=Q+ Kxe8 28. B@d7+ 
Kxd7 29. Nxe5+ Ke7 30. R@d7+ Ke8 31. B@a4 Q@d2+ 32. Kb3 Q@b8+ 33. N@b4 
{pminear forfeits on time} 0-1

[Event "fics rated crazyhouse match"]
[Site "fics, Oklahoma City, OK USA"]
[Date "2000.02.25"]
[White "Tecumseh"]
[WhiteElo "2296"]
[Black "RubberDuck"]
[BlackElo "2193"]
[TimeControl "60+0"]
[Result "1-0"]

1. e3 e6 2. d3 d5 3. Be2 Nf6 4. Bf3 Nc6 5. Nd2 e5 6. Nb3 
Bb4+ 7. Bd2 Bxd2+ 8. Qxd2 d4 9. B@g5 dxe3 10. fxe3 B@b4 11. c3 Be7 
12. P@h6 gxh6 13. Bxc6+ bxc6 14. N@g7+ Kf8 15. Bxh6 B@h4+ 16. P@g3 Kg8 17. gxh4 
Ng4 18. B@f4 Bxh4+ 19. g3 exf4 20. exf4 P@f2+ 21. Qxf2 Nxf2 22. Kxf2 B@b6+ 
23. P@e3 Bxe3+ 24. Kxe3 Qe7+ 25. P@e5 Bxg3 26. hxg3 P@f3 27. B@f6 Qc5+ 28. B@d4 
Qxd4+ 29. cxd4 B@f8 30. Q@e8 Q@d8 31. N@e7+ Qxe7 32. Bxe7 Bg4 33. Qxf8+ Rxf8 
34. Bxf8 Bf5 35. Q@f6 Kxf8 36. Ne6+ Ke8 37. R@d8# 
{RubberDuck checkmated} 1-0

[Event "fics rated crazyhouse match"]
[Site "fics, Oklahoma City, OK USA"]
[Date "2000.02.25"]
[White "RubberDuck"]
[WhiteElo "2187"]
[Black "Tecumseh"]
[BlackElo "2302"]
[TimeControl "60+0"]
[Result "0-1"]

1. e4 Nc6 2. d4 Nf6 3. d5 Ne5 4. Nc3 e6 5. Nf3 Nxf3+ 6. gxf3 
exd5 7. Nxd5 Nxd5 8. exd5 d6 9. P@g2 Be7 10. Bf4 Bf6 11. N@h5 Bxb2 
12. Bd3 N@c3 13. O-O Nxd1 14. Rfxd1 P@h3 15. gxh3 Bxh3 16. N@e3 P@d4 17. P@g2 
dxe3 18. gxh3 exf2+ 19. Kxf2 Bd4+ 20. P@e3 Bxa1 21. B@d4 R@g2+ 22. Kxg2 N@h4+ 
23. Kg3 Q@g2# 
{RubberDuck checkmated} 0-1

[Event "fics rated crazyhouse match"]
[Site "fics, Oklahoma City, OK USA"]
[Date "2000.02.25"]
[White "Tecumseh"]
[WhiteElo "2307"]
[Black "RubberDuck"]
[BlackElo "2182"]
[TimeControl "60+0"]
[Result "0-1"]

1. d4 d5 2. e4 dxe4 3. Nc3 e6 4. Nxe4 Nc6 5. Nf3 Bb4+ 6. P@c3 
Be7 7. Bb5 P@f5 8. Neg5 f6 9. Nh3 Bd7 10. Nf4 Nh6 11. d5 exd5 
12. Nxd5 P@f7 13. Bxh6 gxh6 14. N@h5 Rg8 15. Qe2 B@e6 16. Nxe7 Qxe7 17. B@a3 
N@d6 18. Bxd6 cxd6 19. N@c7+ Kf8 20. Nxa8 Rxg2 21. R@h8+ B@g8 22. P@g7+ Rxg7 
23. Nxg7 Kxg7 24. Rxg8+ Kxg8 25. Rg1+ P@g4 26. Bxc6 Bxc6 27. R@b8+ R@f8 28. B@d8 
Rxd8 29. Rxd8+ Qxd8 30. R@c7 N@f4 31. N@e7+ Qxe7 32. Qd2 N@g2+ 33. Kd1 P@e2+ 
34. Qxe2 Nxe2 35. Rxe7 Nxc3+ 36. bxc3 P@e2+ 37. Kxe2 Nf4+ 38. Kd1 Q@e2+ 39. Kc1 
B@a3+ 40. P@b2 R@e1+ 41. Q@d1 B@d2+ 42. Kb1 Rxd1+ 43. N@c1 Rxc1+ 44. Rxc1 Bxb2 
45. R@f8+ Kg7 46. Rg8+ Kxg8 
{Tecumseh forfeits on time} 0-1

[Event "fics rated crazyhouse match"]
[Site "fics, Oklahoma City, OK USA"]
[Date "2000.02.25"]
[White "RubberDuck"]
[WhiteElo "2193"]
[Black "Tecumseh"]
[BlackElo "2296"]
[TimeControl "60+0"]
[Result "0-1"]

1. e4 e6 2. d4 Nc6 3. Be3 Nf6 4. Bd3 d5 5. exd5 Nxd5 6. Nc3 
Nxc3 7. bxc3 e5 8. dxe5 Nxe5 9. Bb5+ P@c6 10. Qxd8+ Kxd8 11. P@d5 cxb5 
12. P@c6 N@d3+ 13. cxd3 Nxd3+ 14. Kd2 P@b2 15. Bg5+ P@f6 16. cxb7 B@c1+ 17. Ke2 
Q@e1+ 18. Kxd3 Bf5+ 19. Kd4 Qe4# 
{RubberDuck checkmated} 0-1

[Event "fics rated crazyhouse match"]
[Site "fics, Oklahoma City, OK USA"]
[Date "2000.02.25"]
[White "Tecumseh"]
[WhiteElo "2302"]
[Black "RubberDuck"]
[BlackElo "2187"]
[TimeControl "60+0"]
[Result "1-0"]

1. e4 e6 2. e5 d5 3. Nf3 f6 4. d4 Nc6 5. Bb5 Bb4+ 6. Nc3 
Bd7 7. exf6 Nxf6 8. P@e5 Ne4 9. Bd2 Bxc3 10. bxc3 P@f7 11. O-O N@g4 
12. B@h5 Nexf2 13. Rxf2 Nxf2 14. Kxf2 Qh4+ 15. N@g3 Qxg3+ 16. hxg3 N@e4+ 17. Kg1 
P@f2+ 18. Kh2 Rf8 19. Bxc6 Bxc6 20. N@d6+ Nxd6 21. exd6 B@g1+ 22. Nxg1 fxg1=Q+ 
23. Qxg1 N@e4 24. Q@e7# 
{RubberDuck checkmated} 1-0

[Event "fics rated crazyhouse match"]
[Site "fics, Oklahoma City, OK USA"]
[Date "2000.02.25"]
[White "RubberDuck"]
[WhiteElo "2182"]
[Black "Tecumseh"]
[BlackElo "2307"]
[TimeControl "60+0"]
[Result "0-1"]

1. e4 Nc6 2. d4 Nf6 3. d5 Ne5 4. Nc3 e6 5. Bf4 Ng6 6. dxe6 
fxe6 7. Bg5 Be7 8. Bxf6 Bxf6 9. Nf3 O-O 10. Bd3 B@h5 11. e5 Nxe5 
12. Nxe5 Bxd1 13. Rxd1 Bxe5 14. Bxh7+ Kxh7 15. P@g6+ Kxg6 16. B@e4+ P@f5 17. Bf3 
P@g4 18. Bxg4 fxg4 19. Ne4 B@a5+ 20. P@c3 B@f5 21. Ng3 P@f3 22. Nxf5 Q@e2# 
{RubberDuck checkmated} 0-1

[Event "fics rated crazyhouse match"]
[Site "fics, Oklahoma City, OK USA"]
[Date "2000.02.25"]
[White "Tecumseh"]
[WhiteElo "2312"]
[Black "RubberDuck"]
[BlackElo "2177"]
[TimeControl "60+0"]
[Result "1-0"]

1. e4 e6 2. d4 Be7 3. d5 exd5 4. exd5 P@e6 5. Nc3 exd5 6. Nxd5 
Nf6 7. Nf3 Nxd5 8. Qxd5 Nc6 9. P@h6 Rg8 10. N@h5 gxh6 11. Bxh6 P@e6 
12. Qd2 P@f6 13. Ng7+ Rxg7 14. Bxg7 N@e4 15. R@g8+ N@f8 16. Bxf8 Bxf8 17. P@g7 
Ke7 18. gxf8=Q+ Qxf8 19. Rxf8 Kxf8 20. P@g7+ Kxg7 21. B@h6+ Kg6 22. N@h4# 
{RubberDuck resigns} 1-0

[Event "fics rated crazyhouse match"]
[Site "fics, Oklahoma City, OK USA"]
[Date "2000.02.25"]
[White "RubberDuck"]
[WhiteElo "2172"]
[Black "Tecumseh"]
[BlackElo "2317"]
[TimeControl "60+0"]
[Result "1-0"]

1. e4 e6 2. e5 d6 3. exd6 cxd6 4. d4 Nc6 5. Nf3 Nf6 6. Bb5 
Bd7 7. Nc3 Be7 8. Bxc6 Bxc6 9. P@e5 dxe5 10. Nxe5 Bxg2 11. Rg1 P@h3 
12. Nb5 B@a5+ 13. c3 P@d6 14. Nxf7 Kxf7 15. N@g5+ Kg6 16. Nxh3 N@f3+ 17. Qxf3 
h6 18. Rxg2+ P@g5 19. N@f4+ Kf7 20. B@g6+ Kg8 21. P@f7+ Kf8 22. Nxe6# 
{Tecumseh checkmated} 1-0

[Event "fics rated crazyhouse match"]
[Site "fics, Oklahoma City, OK USA"]
[Date "2000.02.25"]
[White "DoubleEdge"]
[WhiteElo "2051"]
[Black "LSS"]
[BlackElo "2564"]
[TimeControl "180+0"]
[Result "0-1"]

1. e4 e6 2. d4 d5 3. exd5 exd5 4. Nf3 Nf6 5. Nc3 Bb4 6. Bd2 
Bxc3 7. Bxc3 Qe7+ 8. P@e5 Ne4 9. Be2 Nxf2 10. Kxf2 N@g4+ 11. Ke1 Ne3 
12. Qd3 Nxg2+ 13. Kd1 P@e4 14. Qb5+ P@c6 15. Bf1 exf3 16. Bxg2 fxg2 17. Rg1 
cxb5 18. N@e3 P@f2 19. Ke2 fxg1=N+ 20. Rxg1 N@f4+ 21. Kf3 B@e2+ 22. Kxf4 Q@f3# 
{DoubleEdge checkmated} 0-1

[Event "fics rated crazyhouse match"]
[Site "fics, Oklahoma City, OK USA"]
[Date "2001.02.25"]
[White "Blackcomb"]
[WhiteElo "2183"]
[Black "pminear"]
[BlackElo "2586"]
[TimeControl "180+0"]
[Result "0-1"]

1. e4 e5 2. Nf3 Nc6 3. Bc4 d6 4. Nc3 Be7 5. Nd5 Nf6 6. Nxe7 
Qxe7 7. d3 Bg4 8. O-O N@d4 9. Nxd4 Nxd4 10. N@d5 Bxd1 11. Nxe7 Kxe7 
12. Be3 Bf3 13. B@h3 Q@h4 14. Bxd4 Qxh3 15. N@f5+ Kd8 16. Q@e7+ Kc8 17. Nxd6+ 
cxd6 
{Blackcomb resigns} 0-1

[Event "fics rated crazyhouse match"]
[Site "fics, Oklahoma City, OK USA"]
[Date "2000.02.26"]
[White "liveZ"]
[WhiteElo "2422"]
[Black "Zap"]
[BlackElo "2030"]
[TimeControl "180+0"]
[Result "1-0"]

1. e4 d5 2. exd5 e6 3. dxe6 Bxe6 4. Nf3 Nc6 5. Bb5 Nf6 6. d4 
Bb4+ 7. P@c3 Be7 8. Ne5 O-O 9. Bxc6 bxc6 10. P@h6 gxh6 11. Bxh6 P@g7 
12. Bxg7 Kxg7 13. P@g5 Ne4 14. Nxc6 Bxg5 15. Nxd8 P@d2+ 16. Nxd2 B@g6 17. Nxe4 
B@h5 18. Nxg5 Bxd1 19. B@e5+ f6 20. Ndxe6+ Kh6 21. Q@h4+ Bgh5 22. B@g7+ Kg6 
23. N@e7# 
{Zap checkmated} 1-0

[Event "fics rated crazyhouse match"]
[Site "fics, Oklahoma City, OK USA"]
[Date "2000.02.26"]
[White "Zap"]
[WhiteElo "2028"]
[Black "liveZ"]
[BlackElo "2426"]
[TimeControl "180+0"]
[Result "0-1"]

1. e4 e6 2. d4 Nc6 3. Nc3 Bb4 4. Nf3 Nf6 5. Bd3 d5 6. exd5 
exd5 7. P@h6 P@e4 8. Qe2 Rg8 9. hxg7 Be6 10. Bg5 exd3 11. cxd3 B@e7 
12. P@e5 Ng4 13. P@f6 Bf8 14. h3 Qd7 15. hxg4 Bxg4 16. N@h6 Bxf3 17. gxf3 
Nxd4 18. gxf8=Q+ Bxf8 19. e6 N@c2+ 20. Kf1 P@g2+ 21. Kxg2 Rxg5+ 22. P@g4 Nxe6 
23. B@a4 P@c6 24. B@e5 Bxh6 25. Rxh6 N@f4+ 26. Bxf4 Nd4 27. Bxg5 Nxe2 28. R@g8+ 
B@f8 29. N@g7+ Kd8 30. Nxe6+ fxe6 31. Rxf8+ N@e8 32. f7+ P@f6 33. fxe8=Q+ Qxe8 
34. Rxe8+ Kxe8 35. N@g7+ Kf7 36. Nh5 P@h3+ 37. Kxh3 Nf4+ 38. Bxf4 R@h4+ 39. Kxh4 
P@g5+ 40. Bxg5 fxg5+ 41. Kxg5 B@d2# 
{Zap forfeits on time} 0-1

[Event "fics rated crazyhouse match"]
[Site "fics, Oklahoma City, OK USA"]
[Date "2000.02.26"]
[White "MrBug"]
[WhiteElo "2168"]
[Black "Tecumseh"]
[BlackElo "2306"]
[TimeControl "60+0"]
[Result "0-1"]

1. e4 e6 2. Nf3 Nf6 3. e5 Ne4 4. d4 d5 5. Bd3 Nc6 6. O-O 
Be7 7. c3 Bd7 8. Qe2 Ng5 9. Nxg5 Bxg5 10. Bxg5 Qxg5 11. f4 N@h3+ 
12. Kh1 B@g4 13. fxg5 Bxe2 14. Bxe2 Q@g1# 
{MrBug resigns} 0-1

[Event "fics rated crazyhouse match"]
[Site "fics, Oklahoma City, OK USA"]
[Date "2000.02.26"]
[White "XXNoWay"]
[WhiteElo "2384"]
[Black "venomous"]
[BlackElo "2419"]
[TimeControl "60+0"]
[Result "1-0"]

1. e4 e6 2. Nc3 Nc6 3. Nf3 Nf6 4. Bb5 d5 5. e5 Ne4 6. O-O 
Nxc3 7. dxc3 N@e4 8. Bf4 Bc5 9. Bxc6+ bxc6 10. N@d4 B@g6 11. Nxc6 Qd7 
12. Ncd4 Bxd4 13. Nxd4 O-O 14. B@h4 N@f5 15. Nxf5 exf5 16. N@e7+ Kh8 17. P@d3 
Ba6 18. dxe4 fxe4 19. Nxg6+ fxg6 20. B@f6 P@e2 21. Bxg7+ Qxg7 22. P@f6 Qf7 
23. N@h6 exf1=Q+ 24. Qxf1 Bxf1 25. P@g7+ Qxg7 26. fxg7+ Kxg7 27. N@e6+ Kh8 28. Q@g7# 
{venomous checkmated} 1-0

[Event "fics rated crazyhouse match"]
[Site "fics, Oklahoma City, OK USA"]
[Date "2000.02.26"]
[White "venomous"]
[WhiteElo "2410"]
[Black "XXNoWay"]
[BlackElo "2393"]
[TimeControl "60+0"]
[Result "1-0"]

1. e4 e6 2. d4 Nf6 3. Bd3 d5 4. e5 Ne4 5. Nh3 Nc6 6. Be3 
Bd7 7. O-O Be7 8. Qc1 O-O 9. f3 f5 10. exf6 Nxf6 11. P@e5 P@e4 
12. exf6 Bxf6 13. fxe4 Nxd4 14. e5 P@e2 15. Bxh7+ Kxh7 16. N@g5+ Kh8 17. Bxd4 
exf1=Q+ 18. Qxf1 Bxg5 19. N@g6+ Kg8 20. P@h7+ Kxh7 21. Nxf8+ Kh8 22. R@h7+ Kg8 
23. P@f7+ Kxf8 24. Rh8+ Ke7 25. Nxg5 Qxh8 26. P@f6+ gxf6 27. Qxf6+ Qxf6 28. exf6+ 
Kd8 29. P@e7+ Kc8 30. Q@d8# 
{XXNoWay checkmated} 1-0